 Dungeon Crawl Stone Soup version 0.17-a0-1522-g6c5b4ba (webtiles) character file.

5005 namelastname112 the Martial Artist (level 10, -8/85 HPs)
             Began as a Green Draconian Fire Elementalist on July 14, 2015.
             Was the Champion of Jiyva.
             Mangled by a freezing wraith (13 damage)
             ... on level 11 of the Dungeon.
             The game lasted 00:23:50 (10508 turns).

namelastname112 the Martial Artist (DrFE)          Turns: 10508, Time: 00:23:50

Health: -8/85      AC:  7    Str:  9 (10) XL:     10   Next: 29%
Magic:  8/13       EV: 14    Int: 15      God:    Jiyva [******]
Gold:   415        SH:  0    Dex: 14 (16) Spells: 1 memorised, 13 levels left

rFire  . . .     SeeInvis .       - Unarmed
rCold  . . .     Clarity  .     (armour unavailable)
rNeg   . . .     SustAt   .     (no shield)
rPois  +         Gourm    .     (helmet restricted)
rElec  .         Spirit   .     (no cloak)
rCorr  +         Warding  .     (no gloves)
rMut   .         Stasis   .     (no boots)
MR     .....                    (no amulet)
Stlth  +.........               (no ring)
                                k - ring of loudness (curse)

@: slimy, slowed, very slow, not resistant to hostile enchantments, very
unstealthy
A: breathe noxious fumes, unfitting armour, deterioration 1, poison resistance,
robust 1, eyeballs 1, cold-blooded, AC +7
a: Breathe Noxious Fumes, Request Jelly, Jelly Paralyse, Slimify, Cure Bad
Mutation, Renounce Religion


You were on level 11 of the Dungeon.
You worshipped Jiyva.
Jiyva was exalted by your worship.
You were very full.

You visited 1 branch of the dungeon, and saw 11 of its levels.
You also visited: Ossuary.

You collected 415 gold pieces.

Inventory:

Hand weapons
 p - a +1 short sword of draining
Jewellery
 k - a cursed ring of loudness (left hand)
Magical devices
 q - a wand of magic darts (22)
 x - a wand of disintegration (14)
 A - a wand of draining (9)
Scrolls
 g - 2 scrolls of remove curse
 i - 3 scrolls of identify
 s - a scroll of noise
 v - a scroll of fear {unknown}
 y - a scroll of amnesia {unknown}
 z - 2 scrolls of teleportation {unknown}
Potions
 c - a potion of flight {unknown}
 d - a potion of curing
 e - 2 potions of magic {unknown}
 f - a potion of resistance {unknown}
 h - 2 potions of cancellation {unknown}
 j - 5 potions of agility {unknown}
 l - 2 potions of invisibility {unknown}
 n - a potion of poison {unknown}
 o - a potion of lignification {unknown}
 r - a potion of brilliance {unknown}
 B - a potion of might {unknown}
Books
 a - a book of Flames

   Spells                             Type                      Level
   a - Flame Tongue                   Conjuration/Fire             1
   b - Throw Flame                    Conjuration/Fire             2
   c - Conjure Flame                  Conjuration/Fire             3
   d - Inner Flame                    Hexes/Fire                   3
   e - Sticky Flame                   Conjuration/Fire             4
   f - Fireball                       Conjuration/Fire             5
 w - a book of Cantrips

   Spells                             Type                      Level
   a - Corona                         Hexes                        1
   b - Animate Skeleton               Necromancy                   1
   c - Summon Small Mammal            Summoning                    1
   d - Apportation                    Translocation                1
Comestibles
 b - 8 bread rations
 t - 2 meat rations
 u - a beef jerky


   Skills:
 + Level 4.1 Fighting
 + Level 3.9 Dodging
 - Level 1.7 Stealth
 - Level 13.2 Unarmed Combat
 - Level 2.5 Spellcasting
 - Level 2.2 Conjurations
 - Level 3.4 Fire Magic


You had 13 spell levels left.
You knew the following spells:

 Your Spells              Type           Power        Failure   Level  Hunger
z - Flame Tongue          Conj/Fire      ##...        10%         1    #......


Dungeon Overview and Level Annotations

Branches:
Dungeon (11/15)            Temple (0/1) D:6            Lair (0/8) D:10
    Orc: D:9-12

Altars:
Ashenzari
Cheibriados
Elyvilon
Makhleb
Okawaru
Ru
Sif Muna
Xom
Beogh
Jiyva

Shops:
D:8 (


Innate Abilities, Weirdness & Mutations

You can breathe blasts of noxious fumes.
Your lurid green scales are hard (AC +7).
Your body does not fit into most forms of armour.
Your system is resistant to poisons.
You are cold-blooded and may be slowed by cold attacks.
Your body sometimes deteriorates upon taking damage.
You are robust (+10% HP).
Your body is partially covered in golden eyeballs (Acc +3).


Message History

You feel much better. The freezing wraith misses you.
The freezing wraith hits you! The freezing wraith drains your vigour!
You feel as though you will be slow longer.
The freezing wraith hits you. The freezing wraith freezes you!
* * * LOW HITPOINT WARNING * * *
Your body deteriorates!
You feel weakened.
The freezing wraith hits you but does no damage.
Drink which item? (? for menu, Esc to quit)
You feel much better. The freezing wraith barely misses you.
The freezing wraith hits you but does no damage.
Use which ability? (? or * to list)
A thick mucus forms on your hands.
You feel somewhat less full. The freezing wraith hits you!
* * * LOW HITPOINT WARNING * * *
The freezing wraith freezes you!
* * * LOW HITPOINT WARNING * * *
The freezing wraith hits you!
* * * LOW HITPOINT WARNING * * *
The freezing wraith hits you!
You die...

...#........#....# .#
...'........##...#####.#
...#.........#.........#
...#.........#.........#
...#.........#.........#
...#.........#.........#
##.#.........+.).......#
.#.###########.........#
.+..............@...####
.#........#######W..#
.#.#####..# #.### .+.##
#.# ....# #.# ....# #.#
.8..# #.# ....# #.#
....# ........#


You could see a freezing wraith.

Vanquished Creatures
  A centaur skeleton (D:11)
  Grinder (D:6)
  A spriggan (D:8)
  A hippogriff (D:11)
  2 water moccasins
  A phantom (D:6)
  7 orc warriors
  A black bear (D:8)
  2 sky beasts
  The ghost of Alipheese the Poker, an average NaGl (D:3)
  4 ice beasts
  2 ogres (D:5)
  3 centaurs
  An elf zombie (Ossuary)
  Blork the orc (D:6)
  7 giant frogs
  A gnoll sergeant (D:6)
  4 scorpions
  2 wyvern skeletons
  A wight (D:10)
  2 crimson imps (D:9)
  2 centaur zombies
  3 hounds
  7 orc wizards
  4 orc priests (D:9)
  Terence (D:3)
  2 iguanas
  Natasha (D:4)
  3 worker ants
  2 big kobold zombies (Ossuary)
  A worker ant zombie (D:8)
  5 adders
  9 gnolls
  3 shadow imps
  An ooze (D:1)
  An adder zombie (D:7)
  4 worms (D:3)
  34 orcs
  10 bats
  A bat zombie (D:8)
  8 giant cockroaches
  10 hobgoblins
  10 jackals
  13 kobolds
  4 quokkas
  A giant cockroach zombie (D:6)
  10 giant geckos
  A giant gecko skeleton (D:5)
  5 giant newts
  8 goblins
  2 goblin zombies (Ossuary)
  3 hobgoblin zombies (Ossuary)
  2 quokka zombies
  9 rats
226 creatures vanquished.

Vanquished Creatures (collateral kills)
  An orc warrior (D:10)
  An orc wizard (D:10)
2 creatures vanquished.

Vanquished Creatures (others)
  A komodo dragon (D:10)
  The ghost of Alipheese the Poker, an average NaFi (Ossuary)
  Eustachio (D:6)
  A sky beast (D:5)
  A centaur (D:6)
  A giant frog (D:9)
  2 scorpions
  27 jellies
  3 wights (D:10)
  A vampire bat (D:3)
  A crimson imp (D:7)
  A hound (D:6)
  A centaur zombie (D:11)
  An orc priest (D:6)
  3 orc wizards
  A worker ant (D:4)
  2 big kobold zombies (Ossuary)
  A hound zombie (D:5)
  A mummy (Ossuary)
  Natasha (twice) (D:4)
  5 adders
  A giant gecko (D:3)
  10 orcs
  14 bats
  A giant cockroach (D:6)
  6 goblins
  7 hobgoblins
  2 quokkas
  2 ball pythons
  2 gnoll zombies (Ossuary)
  A goblin zombie (Ossuary)
  A hobgoblin zombie (Ossuary)
  A jackal (D:10)
  6 kobolds
  3 rats
  4 plants (D:10)
119 creatures vanquished.

Grand Total: 347 creatures vanquished

Notes
Turn   | Place    | Note
--------------------------------------------------------------
     0 | D:1      | namelastname112 the Draconian Fire Elementalist began the quest for the Orb.
     0 | D:1      | Reached XP level 1. HP: 14/14 MP: 3/3
   142 | D:1      | Reached XP level 2. HP: 18/20 MP: 1/5
   592 | D:2      | Reached XP level 3. HP: 22/26 MP: 0/6
   702 | D:2      | Found a faded altar to an unknown god.
   728 | D:2      | Became a worshipper of Jiyva Juuddog the Shapeless
   728 | D:2      | Acquired Jiyva's first power
  1244 | D:3      | Reached skill level 1 in Unarmed Combat
  1442 | D:3      | Reached XP level 4. HP: 31/33 MP: 3/7
  1769 | D:3      | Acquired Jiyva's second power
  1807 | D:3      | Noticed Terence
  1832 | D:3      | Killed Terence
  2127 | D:3      | Noticed Alipheese's ghost (average NaGl)
  2308 | D:3      | Killed Alipheese's ghost
  2308 | D:3      | Reached skill level 4 in Unarmed Combat
  2308 | D:3      | Reached XP level 5. HP: 29/38 MP: 1/8
  2571 | D:3      | Gained mutation: You occasionally shout uncontrollably at your foes. [Jiyva's grace]
  2864 | D:4      | Reached XP level 6. HP: 26/45 MP: 1/9
  2897 | D:4      | Acquired Jiyva's third power
  2940 | D:4      | Found a shattered altar of Ashenzari.
  2956 | D:4      | Reached skill level 5 in Unarmed Combat
  2986 | D:4      | Found an iron altar of Okawaru.
  3153 | D:4      | Noticed Natasha
  3166 | D:4      | Killed Natasha
  3188 | D:4      | Killed Natasha
  3205 | D:4      | Killed Natasha
  3649 | D:5      | Entered Level 5 of the Dungeon
  3711 | D:5      | Reached skill level 6 in Unarmed Combat
  3773 | D:5      | Your scales start taking on a lurid green colour.
  3773 | D:5      | Gained mutation: Your system is resistant to poisons. [Green Draconian growth]
  3773 | D:5      | Reached XP level 7. HP: 21/50 MP: 1/10
  3837 | D:5      | Reached skill level 7 in Unarmed Combat
  4172 | D:5      | Acquired Jiyva's fourth power
  4304 | D:5      | Found a burning altar of Makhleb.
  4311 | D:5      | Found a sacrificial altar of Ru.
  4411 | D:5      | Reached skill level 8 in Unarmed Combat
  4952 | D:6      | Reached XP level 8. HP: 47/57 MP: 0/11
  4966 | D:6      | Noticed Blork the orc
  4979 | D:6      | Killed Blork the orc
  5005 | D:6      | Reached skill level 9 in Unarmed Combat
  5096 | D:6      | Lost mutation: You occasionally shout uncontrollably at your foes. [Jiyva's grace]
  5109 | D:6      | Noticed Grinder
  5131 | D:6      | Paralysed by Grinder for 2 turns
  5138 | D:6      | Killed Grinder
  5256 | D:6      | Killed Eustachio
  5332 | D:6      | Reached skill level 10 in Unarmed Combat
  5340 | D:6      | Gained mutation: Your body is partially covered in golden eyeballs (Acc +3). [Jiyva's grace]
  5373 | D:6      | Found a shimmering altar of Xom.
  5464 | D:6      | Found a staircase to the Ecumenical Temple.
  6445 | D:7      | Gained mutation: You are robust (+10% HP). [Jiyva's grace]
  6932 | D:8      | Reached skill level 11 in Unarmed Combat
  6932 | D:8      | Reached XP level 9. HP: 60/68 MP: 12/12
  6980 | D:8      | Found a snail-covered altar of Cheibriados.
  7081 | D:8      | Found Cajem's Antique Weapon Shop.
  7226 | D:8      | Found a sand-covered staircase.
  7236 | Ossuary  | Entered an ossuary
  7238 | Ossuary  | Noticed Alipheese's ghost (average NaFi)
  7270 | Ossuary  | Noticed a death ooze
  7270 | Ossuary  | a mummy changed into a death ooze
  7271 | Ossuary  | Killed Alipheese's ghost
  7699 | D:8      | Gained mutation: You are clumsy. (Dex -2) [mutagenic meat]
  7700 | D:8      | Gained mutation: You have sharp toenails. [mutagenic meat]
  7701 | D:8      | Lost mutation: You are robust (+10% HP). [mutagenic meat]
  7865 | D:8      | Reached skill level 12 in Unarmed Combat
  7980 | D:8      | Lost mutation: You are clumsy. (Dex -2) [Jiyva's grace]
  8218 | D:9      | Found a deep blue altar of Sif Muna.
  8560 | D:9      | Lost mutation: You have sharp toenails. [Jiyva's grace]
  8801 | D:9      | Found a roughly hewn altar of Beogh.
  8826 | D:9      | Reached skill level 13 in Unarmed Combat
  8907 | D:9      | Gained mutation: Your body sometimes deteriorates upon taking damage. [Jiyva's grace]
  9087 | D:9      | Found a white marble altar of Elyvilon.
  9141 | D:10     | Entered Level 10 of the Dungeon
  9175 | D:10     | HP: 1/62 [wight/enchanted mace (5)]
  9535 | D:10     | Noticed a death ooze
  9535 | D:10     | a wight changed into a death ooze
  9541 | D:10     | Gained mutation: You are weak. (Str -2) [Jiyva's grace]
  9605 | D:10     | Lost mutation: You are weak. (Str -2) [Jiyva's grace]
  9623 | D:10     | Reached skill level 1 in Fighting
  9655 | D:10     | Reached XP level 10. HP: 34/72 MP: 13/13
  9986 | D:10     | Gained mutation: You are robust (+10% HP). [Jiyva's grace]
 10027 | D:10     | Killed a komodo dragon
 10040 | D:10     | Found a staircase to the Lair.
 10508 | D:11     | Mangled by a freezing wraith

Vault maps used:
D:1:      minmay_arrival_three_doors
D:2:      ecumenical_altar_1, first_bread
D:3:      roderic_batcave, uniq_terence
D:4:      grunt_temple_overflow_open, st_stairs_4, uniq_natasha
D:5:      amethyst_overflow_temple_binary
D:6:      temple_statues, grunt_ministairs_8, xom_confusion_cloud, uniq_grinder,
          uniq_eustachio, uniq_blork_the_orc
D:8:      lemuel_crystal_altar, serial_shops, nicolae_shop_crystal,
          nicolae_ossuary_entry_monument, the_bakery
D:9:      lemuel_doored_altar, overflow_temple_1_default, special_room
D:10:     david_lair_shrubbed
D:11:     orc_0_dummy, serial_undead, serial_undead_a, serial_undead_a,
          serial_undead_e, serial_undead_d
Ossuary:  minmay_ossuary_gauntlet

Action                   |  1- 3 |  4- 6 |  7- 9 | 10-12 || total
-------------------------+-------+-------+-------+-------++-------
Melee: Dagger            |    40 |       |       |       ||    40
       Unarmed           |     6 |       |   476 |    66 ||   548
       Short sword       |     2 |    92 |    16 |       ||   110
 Cast: Flame Tongue      |    48 |   123 |    24 |       ||   195
Invok: Request Jelly     |     1 |       |       |       ||     1
       Slimify           |       |       |     5 |     2 ||     7
 Abil: Breathe Noxious F |       |       |     9 |       ||     9
Evoke: Wand              |       |       |     1 |       ||     1
  Use: Scroll            |     3 |       |     4 |       ||     7
       Potion            |       |     1 |       |     2 ||     3
 Stab: Sleeping          |     1 |       |       |       ||     1
       Confused          |       |       |    21 |     1 ||    22
  Eat: Chunk             |     2 |     4 |     6 |       ||    12
       Beef jerky        |       |       |     1 |       ||     1
